 Dungeon Crawl Stone Soup version 0.30-a0-757-ga6a79fd877 (webtiles) character file.

Game seed: 7374975665653802404

1 Aneyh the Ducker (level 1, -2/14 HPs)
             Began as a Tengu Monk on Feb 10, 2023.
             Slain by a gnoll
             ... wielding a +0 club
              (5 damage)
             ... on level 1 of the Dungeon.
             The game lasted 00:00:10 (50 turns).

Aneyh the Ducker (Tengu Monk)                         Turns: 50, Time: 00:00:11

Health: -2/14      AC:  2    Str: 11    XL:     1   Next: 20%
Magic:  2/2        EV: 13    Int: 10    God:
Gold:   16         SH:  0    Dex: 16    Spells: 0/0 levels left

rFire   . . .      SeeInvis .    a - +0 spear
rCold   . . .      Faith    .    (no shield)
rNeg    . . .      Spirit   .    b - +0 robe
rPois   .          Reflect  .    (helmet restricted)
rElec   .          Harm     .    (no cloak)
rCorr   .          Rampage  .    (no gloves)
Will    .....                    (boots unavailable)
Stlth   ++                       (no amulet)
HPRegen 0.22/turn                (no ring)
MPRegen 0.08/turn                (no ring)

@: no status effects
A: beak, talons 3
a: no special abilities


You were on level 1 of the Dungeon.
You visited 1 branch of the dungeon, and saw 1 of its levels.

You collected 16 gold pieces.

Inventory:

Hand Weapons
 a - a +0 spear (weapon)
Armour
 b - a +0 robe (worn)
Scrolls
 d - a scroll of identify {unknown}
Potions
 c - a potion of ambrosia


   Skills:
 + Level 3.1 Fighting
 - Level 3.2 Polearms
 - Level 3.2 Dodging
 - Level 2.0 Stealth


You couldn't memorise any spells.
You didn't know any spells.
Your spell library was empty.

Dungeon Overview and Level Annotations

Branches:
Dungeon (1/15)

Altars:


Innate Abilities, Weirdness & Mutations

You have a beak for a mouth.
You have claws for feet.


Message History

Found a stone staircase leading down.
You now have 16 gold pieces.
Found 7 stones.
d - a scroll labelled MUL VUIFOM A gnoll and an endoplasm come into view.
There are monsters nearby!
The gnoll shouts!
The endoplasm quivers.
You reach to attack!
You hit the endoplasm.
The endoplasm is almost dead.
You reach to attack!
You hit the endoplasm but do no damage.
The endoplasm is almost dead.
You hit the endoplasm.
You kill the endoplasm!
A giant cockroach comes into view.
You barely miss the gnoll. The gnoll barely misses you.
You hit the gnoll. You claw the gnoll.
The gnoll is severely wounded.
The gnoll misses you.
A hobgoblin comes into view.
You hit the gnoll.
The gnoll is severely wounded.
The gnoll hits you with a +0 club.
You barely miss the gnoll.
The gnoll is severely wounded.
The gnoll hits you with a +0 club!
Ouch! That really hurt!
* * * LOW HITPOINT WARNING * * *
You are too injured to fight recklessly!
You are too injured to fight recklessly!
You hit the gnoll.
The gnoll is almost dead.
The gnoll barely misses you.
You barely miss the gnoll.
The gnoll is almost dead.
The gnoll barely misses you.
You closely miss the gnoll. Your kick misses the gnoll.
The gnoll is almost dead.
The gnoll hits you with a +0 club.
You die...

.#.##...#
.#⌠.....#
.#####..######
<............#
.#####..####.#
.# .....# #.#
.#.##...# #.#
# .# #....#
#.#####g#..##
.#......#
#....@gB.....
.#......#
#######.##.##
.#.....## #


You could see a gnoll, a giant cockroach and a hobgoblin.

Vanquished Creatures
  An endoplasm (D:1)
1 creature vanquished.

Notes
Turn   | Place    | Note
-------+----------+-------------------------------------------
     0 | D:1      | Aneyh the Tengu Monk began the quest for the Orb.
     0 | D:1      | Reached XP level 1. HP: 14/14 MP: 2/2
    50 | D:1      | Slain by a gnoll

Illustrated notes

Levels and vault maps discovered:
D:1:      matt_arrival_grand_opening, layout_loops_ring,
          minmay_shallow_snake_nest

Action                     || total
---------------------------++-------
  Melee: Spear             ||    10
         Kick              ||     1
  Dodge: Dodged            ||     4

Table legend: (Time is in decaauts)
 A = Elapsed time spent in this place.
 B = Non-inter-level travel time spent in this place.
 C = Inter-level travel time spent in this place.
 D = Time resting spent in this place.
 E = Time spent auto-exploring this place.
 F = Levels seen in this place.
 G = Mean time per level.
                   A        B        C        D        E       F      G
               +--------+--------+--------+--------+--------+-----+--------+
         Total |     49 |     49 |      0 |      0 |     33 |   1 |   49.0 |
       Dungeon |     49 |     49 |      0 |      0 |     33 |   1 |   49.0 |
               +--------+--------+--------+--------+--------+-----+--------+

Top non-repeatable levels by time:
     D:1: 49 daAuts
